 Dungeon Crawl Stone Soup version 0.26.1-10-gdfb7c7de75 (webtiles) character file.

Game seed: 1486501508070761975

49 Lancroian the Changer (level 3, 0/23 HPs)
             Began as an Octopode Transmuter on Apr 1, 2021.
             Succumbed to an adder's poison
             ... on level 2 of the Dungeon.
             The game lasted 00:03:37 (1479 turns).

Lancroian the Changer (Octopode Transmuter)         Turns: 1479, Time: 00:03:37

Health: 0/23       AC:  1    Str: 10    XL:     3   Next: 75%
Magic:  6/6        EV: 13    Int: 15    God:
Gold:   34         SH:  0    Dex: 12    Spells: 6/7 levels left

rFire    . . .     SeeInvis .     - Unarmed
rCold    . . .     Faith    .   (no shield)
rNeg     . . .     Spirit   .   (helmet currently unavailable)
rPois    .         Reflect  .   (no amulet)
rElec    .         Harm     .   (no ring)
rCorr    .         Rampage  .   (no ring)
Will     .....                  (no ring)
Stlth    ++........             (no ring)
HPRegen  0.07/turn              (no ring)
MPRegen  0.10/turn              (no ring)
                                (no ring)
                                (no ring)

@: brilliant, lethally poisoned (0 -> -9), appendages (expiring), berserk
cooldown, slowed, very slow
A: almost no armour, stealthy swim, amphibious, 8 rings, constrict 8, tentacle
spike 3, camouflage 1, gelatinous body 1
a: End Transformation


You were on level 2 of the Dungeon.
One of your tentacles had a temporary spike.
You visited 1 branch of the dungeon, and saw 2 of its levels.

You collected 34 gold pieces.

Inventory:

Jewellery
 g - an uncursed ring of protection from cold {unknown}
Scrolls
 a - a scroll of blinking {unknown}
 b - a scroll of amnesia {unknown}
 c - a scroll of magic mapping {unknown}
 f - a scroll of noise {unknown}
Potions
 e - a potion of brilliance


   Skills:
 - Level 1.0 Fighting
 - Level 2.0 Dodging
 - Level 3.0 Unarmed Combat
 + Level 2.6 Spellcasting
 * Level 3.4 Transmutations


You had 6 spell levels left.
You knew the following spells:

 Your Spells              Type           Power        Failure   Level
a - Beastly Appendage     Tmut           36%          4%          1

Your spell library contained the following spells:

 Spells                   Type           Power        Failure   Level
 Wereblood                Tmut           18%          8%          2
 Spider Form              Tmut/Pois      5%           30%         3
 Ice Form                 Ice/Tmut       10%          71%         4
 Blade Hands              Tmut           9%           80%         5


Dungeon Overview and Level Annotations

Branches:
Dungeon (2/15)

Altars:


Innate Abilities, Weirdness & Mutations

You cannot wear most types of armour.
You are very stealthy in the water. (Stealth+)
You are amphibious.
You can wear up to eight rings at the same time.
You can use your tentacles to constrict eight enemies at once.
Your skin changes colour to match your surroundings (Stealth+).
Your rubbery body absorbs attacks. (AC +1, EV +1)
One of your tentacles bears a large vicious spike.


Message History

You feel sick. The hobgoblin closely misses you.
You tentacle-slap the hobgoblin.
You kill the hobgoblin!
* * * LOW HITPOINT WARNING * * *
You feel sick.
You feel a strong urge to attack something.
* * * LOW HITPOINT WARNING * * *
You feel sick.
You see here a notched steel ring.
You feel your anger nearly subside.
Your transformation is almost over.
You are no longer berserk.
You pass out from exhaustion.
You feel yourself slow down.
* * * LOW HITPOINT WARNING * * *
You feel sick.
* * * LOW HITPOINT WARNING * * *
You feel sick.
You can move again.
Unknown command.
You die...

#.# #.# #.# #.#
#.######.##
#......<..#
###.#######.##
.......####..#
#..@....# #
##..###..# #.
##...#$#..#
#.##..##=##..#
#..?†.#.#....#
##..##.##....#
#.....#)#†....##
#.####!# ....##
# ..#. ...##


There were no monsters in sight!

Vanquished Creatures
  An adder (D:2)
  2 dart slugs (D:1)
  A bat (D:1)
  2 giant cockroaches
  4 goblins (D:1)
  7 hobgoblins
  4 jackals
  4 frilled lizards
  5 kobolds
  A rat (D:1)
31 creatures vanquished.

Notes
Turn   | Place    | Note
-------+----------+-------------------------------------------
     0 | D:1      | Lancroian the Octopode Transmuter began the quest for the
                  | Orb.
     0 | D:1      | Reached XP level 1. HP: 13/13 MP: 3/3
    85 | D:1      | Reached XP level 2. HP: 17/18 MP: 5/5
   834 | D:1      | Reached XP level 3. HP: 23/23 MP: 6/6
  1475 | D:2      | HP: 1/23 [poisoned by an adder]
  1479 | D:2      | Succumbed to an adder's poison

Illustrated notes

Levels and vault maps discovered:
D:1:      wander_arrival_chamber, layout_loops_ring, grunt_decor_mini_mirrors,
          minivault_23, hangedman_abyss_or_decor_lesser_grid
D:2:      layout_loops_ring, minmay_vboxes, uniq_jessica

Skill      XL: |  1  2 |
---------------+-------+-----
Transmutations | 3 |  3.4
Fighting       | |  1.0
Dodging        | |  2.0
Unarmed Combat | |  3.0
Spellcasting   | |  2.6

Action                   || total
-------------------------++-------
Melee: Unarmed           ||    82
       Constrict         ||    21
       Kick              ||     8
       Tentacles         ||     5
       Punch             ||     2
 Cast: Beastly Appendage ||    10
  Use: Potion            ||     2
 Stab: Sleeping          ||     3
Armor: Skin              ||     5
Dodge: Dodged            ||    38
